 Dungeon Crawl Stone Soup version 0.18.1-48-g4cf74bf (webtiles) character file.

229 HEYYEYAAE the Skirmisher (level 5, -4/45 HPs)
             Began as a Demigod Gladiator on Sept 8, 2016.
             Killed by nerve-wracking pain
             ... invoked by Grinder
              (12 damage)
             ... on level 3 of the Dungeon.
             The game lasted 00:02:57 (2515 turns).

HEYYEYAAE the Skirmisher (Demigod Gladiator)        Turns: 2515, Time: 00:02:58

Health: -4/45      AC:  7    Str: 20    XL:     5   Next: 43%
Magic:  7/7        EV: 12    Int: 12    God:
Gold:   119        SH:  4    Dex: 16    Spells: 0 memorised, 4 levels left

rFire  . . .     SeeInvis .     a - +0 rapier
rCold  . . .     Gourm    .     n - +0 ring mail
rNeg   . . .     Faith    .     k - +0 buckler
rPois  .         Spirit   .     c - +0 helmet
rElec  .         Dismiss  .     (no cloak)
rCorr  +         Reflect  .     t - +0 pair of gloves
SustAt +         Harm     .     (no boots)
MR     .....                    (no amulet)
Stlth  +.........               (no ring)
                                g - ring of resist corrosion

@: very slightly contaminated, hasted, very quick, not resistant to hostile
enchantments, very unstealthy
A: high mp 1, sustain attributes
a: no special abilities


You were on level 3 of the Dungeon.
You were hungry.

You visited 1 branch of the dungeon, and saw 3 of its levels.

You collected 119 gold pieces.

Inventory:

Hand Weapons
 a - a +0 rapier (weapon)
Missiles
 d - 3 throwing nets (quivered)
Armour
 b - a +0 leather armour
 c - a +0 helmet (worn)
 k - a +0 buckler (worn)
 n - a +0 ring mail (worn)
 t - a +0 pair of gloves (worn)
Jewellery
 g - a ring of resist corrosion (left hand)
 u - an uncursed amulet of guardian spirit {unknown}
Scrolls
 h - 2 scrolls of teleportation {unknown}
 i - 3 scrolls of immolation {unknown}
 j - a scroll of amnesia {unknown}
 m - a scroll of blinking {unknown}
 s - a scroll of enchant armour {unknown}
 w - a scroll of remove curse {unknown}
Comestibles
 f - 3 bread rations
 l - a meat ration
 o - a fruit


   Skills:
 * Level 3.5 Fighting
 + Level 3.4 Short Blades
 - Level 1.7 Throwing
 + Level 2.0 Armour
 + Level 3.3 Dodging
 + Level 1.3 Shields


You had 4 spell levels left.
You didn't know any spells.

Dungeon Overview and Level Annotations

Branches:
Dungeon (3/15)

Annotations:
D:3 Grinder


Innate Abilities, Weirdness & Mutations

You have an increased reservoir of magic (+10% MP).
Your attributes are resistant to harm.


Message History

Grinder hits you.
You writhe in agony.
You hit Grinder but do no damage.
Grinder is moderately wounded.
Grinder hits you but does no damage.
You closely miss Grinder.
Grinder is moderately wounded.
You hit Grinder.
Grinder is moderately wounded.
Grinder gestures at you. Pain shoots through your body!
* * * LOW HITPOINT WARNING * * *
You hit Grinder.
Grinder is heavily wounded.
Grinder barely misses you.
Unknown command.
You hit Grinder.
Grinder is heavily wounded.
Grinder gestures at you. Pain shoots through your body!
You die...

.....####.....#.# #.#.#
#.. ......####...##.#
#.#.# #.#
.......####+###.# #....
#.. ......#.........#
###.# ###
.....##.###.##..#
....###.###.##..###
.............#....
..#####.#......#########.
## #.##.....5@........
#.###.##.########## #.#
####.# #.. ..# ### ####


You could see Grinder.

Vanquished Creatures
  The ghost of boogie666 the Covered, a weakling MiFi (D:3)
  A hound (D:3)
  An orc wizard (D:3)
  3 gnolls (D:2)
  An adder (D:2)
  2 oozes
  4 dart slugs
  5 giant geckos
  3 orcs (D:3)
  3 ball pythons
  2 giant cockroaches
  7 goblins
  8 hobgoblins
  5 kobolds
  2 quokkas (D:2)
  4 bats
  A giant newt (D:1)
  10 rats
63 creatures vanquished.

Notes
Turn   | Place    | Note
--------------------------------------------------------------
     0 | D:1      | HEYYEYAAE the Demigod Gladiator began the quest for the Orb.
     0 | D:1      | Reached XP level 1. HP: 17/17 MP: 3/3
   236 | D:1      | Reached XP level 2. HP: 22/24 MP: 4/4
   248 | D:1      | Reached skill level 1 in Armour
   822 | D:2      | Reached XP level 3. HP: 30/30 MP: 5/5
  1295 | D:2      | Reached XP level 4. HP: 35/37 MP: 6/6
  1606 | D:2      | Found a shimmering altar of Xom.
  2062 | D:3      | Reached skill level 1 in Shields
  2179 | D:3      | Found a burning altar of Makhleb.
  2187 | D:3      | Found a glowing golden altar of the Shining One.
  2196 | D:3      | Found a sparkling altar of Nemelex Xobeh.
  2199 | D:3      | Found a white marble altar of Elyvilon.
  2321 | D:3      | Noticed boogie666's ghost (weakling MiFi)
  2348 | D:3      | Killed boogie666's ghost
  2348 | D:3      | Reached XP level 5. HP: 25/45 MP: 7/7
  2496 | D:3      | Noticed Grinder
  2503 | D:3      | Paralysed by Grinder for 5 turns
  2515 | D:3      | Killed from afar by Grinder

Skill      XL: |  1  2  3  4  5 |
---------------+----------------+-----
Fighting       | 2 3 |  3.5
Armour         | 1 2 |  2.0
Dodging        | 3 |  3.3
Short Blades   | 3 |  3.4
Shields        | 1 |  1.3
Throwing       | |  1.7

Action                   |  1- 3 |  4- 6 || total
-------------------------+-------+-------++-------
Melee: Rapier            |   122 |   161 ||   283
  Use: Potion            |       |     8 ||     8
 Stab: Sleeping          |       |     1 ||     1
  Eat: Chunk             |       |     4 ||     4
       Fruit             |       |     1 ||     1
Armor: Leather armour    |    11 |       ||    11
       Ring mail         |    27 |    43 ||    70
Dodge: Dodged            |    88 |    72 ||   160
Block: Buckler           |    12 |    27 ||    39
